 Dungeon Crawl Stone Soup version 0.28.0 (webtiles) character file.

Game seed: 15350336099069596436

195 hikkokomori the Covered (level 6, -2/49 HPs)
             Began as a Formicid Fighter on Feb 10, 2022.
             Slain by a bullfrog (3 damage)
             ... in a sewer.
             The game lasted 00:08:00 (2782 turns).

hikkokomori the Covered (Formicid Fighter)          Turns: 2782, Time: 00:08:00

Health: -2/49      AC:  7    Str: 23    XL:     6   Next: 4%
Magic:  6/6        EV:  9    Int:  7    God:
Gold:   103        SH:  4    Dex: 10    Spells: 5/5 levels left

rFire   . . .      SeeInvis +   a - +1 quarterstaff
rCold   . . .      Faith    .   c - +0 buckler
rNeg    . . .      Spirit   .   b - +0 scale mail
rPois   .          Reflect  .   (helmet unavailable)
rElec   .          Harm     .   i - scarf {shadows}
rCorr   .          Rampage  .   (no gloves)
Will    .....                   (no boots)
Stlth   ..........              (no amulet)
HPRegen 0.16/turn               (no ring)
MPRegen 0.10/turn               (no ring)

@: attractive
A: permanent stasis, dig shafts and tunnels, antennae 3, four strong arms
a: Dig


You were in a sewer.
You visited 1 branch of the dungeon, and saw 3 of its levels.
You also visited: Sewer.

You collected 103 gold pieces.

Inventory:

Hand Weapons
 a - a +1 quarterstaff (weapon)
Missiles
 k - 28 bolts
Armour
 b - a +0 scale mail (worn)
 c - a +0 buckler (worn)
 g - an orb of light
 i - a scarf of shadows (worn)
Magical Staves
 e - a staff of poison
Jewellery
 f - a ring of protection from fire
Scrolls
 n - a scroll of enchant weapon
 r - a scroll of teleportation {unknown}
 t - a scroll of fog {unknown}
 u - a scroll of blinking {unknown}
 w - a scroll of brand weapon {unknown}
Potions
 d - a potion of brilliance {unknown}
 h - a potion of attraction
 j - a potion of flight {unknown}
 l - a potion of experience {unknown}
 m - a potion of invisibility {unknown}
 o - a potion of degeneration {unknown}
 p - a potion of haste {unknown}
 q - a potion of berserk rage {unknown}
 s - 2 potions of ambrosia {unknown}
 v - a potion of heal wounds {unknown}
 x - a potion of magic {unknown}


   Skills:
 + Level 4.7 Fighting
 + Level 3.7 Staves
 + Level 4.7 Armour
 - Level 3.6 Shields


You had 5 spell levels left.
You didn't know any spells.
Your spell library was empty.

Dungeon Overview and Level Annotations

Branches:
Dungeon (3/15)              Sewer (1/1)

Altars:
Cheibriados
Uskayaw


Innate Abilities, Weirdness & Mutations

You cannot be hasted, slowed, berserked, paralysed or teleported.
You can dig through walls and to a lower floor.
You have a pair of large antennae on your head. (SInv)
Your four strong arms can wield two-handed weapons with a shield.


Message History

The ball python barely misses you. The ball python constricts you.
The adder bites you.
* * * LOW HITPOINT WARNING * * *
You block the ball python's attack. The bullfrog barely misses you.
The ball python barely misses you. The ball python constricts you.
The frilled lizard bites you but does no damage.
You escape the ball python's grasp.
You feel sick.
You block the ball python's attack. x2; The adder bites you but does no damage.
The bullfrog closely misses you.
The ball python bites you but does no damage.
The ball python grabs you. The ball python constricts you.
The ball python bites you.
* * * LOW HITPOINT WARNING * * *
The adder bites you but does no damage.
Okay, then.
You escape the ball python's grasp.
You feel sick.
The bullfrog hits you but does no damage.
The adder bites you but does no damage. You block the ball python's attack. x2
The ball python closely misses you. The ball python completely misses you.
You feel sick.
You are no longer poisoned.
The bullfrog completely misses you. The ball python bites you.
* * * LOW HITPOINT WARNING * * *
The ball python grabs you. The ball python constricts you.
* * * LOW HITPOINT WARNING * * *
The adder closely misses you.
The ball python bites you but does no damage.
The ball python constricts you. You block the bullfrog's attack.
The bullfrog hits you but does no damage.
The adder bites you but does no damage. The ball python bites you.
* * * LOW HITPOINT WARNING * * *
Unknown command.
You escape the ball python's grasp.
The bullfrog hits you.
* * * LOW HITPOINT WARNING * * *
You block the bullfrog's attack. x2
Unknown command.
It was a potion of attraction.
You feel attractive to monsters. The bullfrog hits you.
You die...

##################
###.#≈≈≈≈≈≈≈≈≈≈≈≈≈≈≈
##...≈≈≈≈≈≈≈≈..≈#≈≈≈≈
#...SS≈≈≈≈≈≈≈≈≈#≈≈≈≈≈
#...@FS≈†≈≈≈≈≈≈≈≈≈≈≈#
##....Fl≈≈≈≈≈≈≈≈≈≈≈≈≈≈
#..†..#≈≈≈≈≈≈≈≈≈≈≈≈≈≈≈
#....#################
##...#### #..†.#..#
#....'..# #...#####
##...##


You could see 2 bullfrogs, an adder, 2 ball pythons and a frilled lizard.

Vanquished Creatures
  An iron imp (D:3)
  4 adders
  4 river rats (Sewer)
  A worm (D:3)
  2 dart slugs (D:1)
  11 ball pythons
  5 bats
  8 endoplasms
  2 giant cockroaches
  4 goblins
  9 hobgoblins
  3 jackals (D:3)
  2 quokkas
  A frilled lizard (D:1)
  5 kobolds
  32 rats
94 creatures vanquished.

Notes
Turn   | Place    | Note
-------+----------+-------------------------------------------
     0 | D:1      | hikkokomori the Formicid Fighter began the quest for the
                  | Orb.
     0 | D:1      | Reached XP level 1. HP: 18/18 MP: 1/1
    90 | D:1      | Reached XP level 2. HP: 24/24 MP: 2/2
   524 | D:1      | Reached XP level 3. HP: 30/30 MP: 3/3
   630 | D:1      | Found a faded altar of an unknown god.
  1700 | D:3      | Reached XP level 4. HP: 36/37 MP: 4/4
  1816 | D:3      | Noticed a +0 short sword
  1817 | D:3      | Noticed a +0 falchion
  1817 | D:3      | Noticed a +0 dagger
  1817 | D:3      | Noticed a +0 spear
  1818 | D:3      | Noticed a +0 short sword
  1818 | D:3      | Noticed a +0 spear
  1818 | D:3      | Noticed a +0 falchion
  1818 | D:3      | Noticed a +0 dagger
  1820 | D:3      | Found a hide-covered altar of Uskayaw.
  1880 | D:3      | Found a snail-covered altar of Cheibriados.
  2002 | D:3      | Reached XP level 5. HP: 42/42 MP: 5/5
  2093 | D:3      | Found a glowing drain.
  2097 | Sewer    | Entered a sewer
  2701 | Sewer    | Reached XP level 6. HP: 45/49 MP: 6/6
  2781 | Sewer    | HP: 1/49 [bullfrog (2)]
  2782 | Sewer    | Slain by a bullfrog

Illustrated notes

Levels and vault maps discovered:
D:1:      onia_arrival_pyramid, layout_basic,
          dreamdust_ecumenical_altar_angels_and_demons,
          hangedman_abyss_or_decor_lesser_grid
D:2:      layout_loops_cross
D:3:      layout_loops_cross, nicolae_uskayaw_en_pointe, slow_altar_1,
          gup_sewer_entry_bowl, chequers_garden, hex_tiny, uniq_robin
Sewer:    sewer_minmay_w

Skill      XL: |  1  2  3  4 |
---------------+-------------+-----
Fighting       | 4 |  4.7
Armour         | 4 |  4.7
Staves         | 3 |  3.7
Shields        | |  3.6

Action                   |  1- 3 |  4- 6 || total
-------------------------+-------+-------++-------
Melee: Quarterstaff      |    87 |   151 ||   238
 Abil: Dig               |       |     5 ||     5
  Use: Scroll            |     3 |       ||     3
       Potion            |       |     4 ||     4
Armor: Scale mail        |    40 |   110 ||   150
Dodge: Dodged            |    45 |   137 ||   182
Block: Buckler           |    12 |    49 ||    61
